 Dungeon Crawl Stone Soup version 0.31-a0-182-gc5ef74bbde (webtiles) character file.

Game seed: 15846206668843874287

189 marky1606 the Covered (level 5, 0/41 HPs)
             Began as a Demonspawn Fighter on June 21, 2023.
             Slain by a kobold brigand
             ... wielding a +0 club
              (6 damage)
             ... in a sewer.
             The game lasted 00:06:50 (2877 turns).

marky1606 the Covered (Demonspawn Fighter)          Turns: 2877, Time: 00:06:51

Health: 0/41       AC:  7    Str: 19    XL:     5   Next: 40%
Magic:  5/5        EV:  9    Int:  9    God:
Gold:   134        SH:  4    Dex: 12    Spells: 4/4 levels left

rFire   . .          .
                       - Unarmed
rCold   . . .        b - +0 buckler
rNeg    . . .        a - +0 scale mail
rPois   .            (helmet restricted)
rElec   .            (no cloak)
rCorr   .            (no gloves)
SInv    .            (no boots)
Will    .....        (no amulet) Stlth
                     (no ring)
HPRegen 0.26/turn    (no ring)
MPRegen 0.09/turn

%: no passive effects
@: mighty, slowed, very slow
A: antennae 1, demonic magic 1
a: no special abilities


You were in a sewer.
You visited 1 branch of the dungeon, and saw 3 of its levels.
You also visited: Sewer.

You collected 134 gold pieces.

Inventory:

Armour
 a - a +0 scale mail (worn)
 b - a +0 buckler (worn)
Scrolls
 f - a scroll of enchant weapon {unknown}
 g - a scroll of butterflies {unknown}
 j - a scroll of blinking {unknown}
 k - a scroll of identify {unknown}
 l - a scroll of noise {unknown}
 o - a scroll of fear {unknown}
Potions
 d - a potion of attraction {unknown}
 e - a potion of ambrosia {unknown}
 h - a potion of curing {unknown}
 i - a potion of brilliance {unknown}
 m - a potion of lignification {unknown}
 n - a potion of mutation {unknown}
 p - a potion of cancellation {unknown}
 q - a potion of experience {unknown}


   Skills:
 + Level 3.6 Fighting
 + Level 3.8 Armour
 + Level 3.2 Shields
 + Level 3.5 Unarmed Combat


You had 4 spell levels left.
You didn't know any spells.
Your spell library contained the following spells:

 Spells                   Type           Power      Damage    Failure   Level
 Magic Dart               Conj           0%         1d3       83%         1
 Summon Small Mammal      Summ           0%         N/A       83%         1
 Searing Ray              Conj           0%         2d4       92%         2
 Call Canine Familiar     Summ           0%         N/A       99%         3
 Frozen Ramparts          Ice            0%         1d1       99%         3
 Summon Guardian Golem    Hex/Summ       0%         N/A       99%         3
 Fulminant Prism          Conj/Hex       0%         3d5       100%        4
 Ice Form                 Ice/Tmut       0%         N/A       100%        4
 Summon Ice Beast         Ice/Summ       0%         N/A       100%        4


Dungeon Overview and Level Annotations

Branches:
Dungeon (3/15)              Sewer (1/1)

Altars:

Shops:
D:1 ?


Innate Abilities, Weirdness & Mutations

You have a pair of small antennae on your head.
Spells you cast may paralyse adjacent enemies.


Message History

The curare-tipped dart hits you.
You are poisoned.
You have difficulty breathing.
You feel yourself slow down.
You feel extremely sick.
The ball python hisses angrily.
A jackal comes into view.
A frilled lizard comes into view.
You feel very sick.
The frilled lizard hisses angrily.
The kobold brigand hits you with a +0 club.
* * * LOW HITPOINT WARNING * * *
The kobold brigand splashes around in the water.
You hit the kobold brigand.
The kobold brigand is lightly wounded.
You feel sick.
A nearby plant withers and dies.
You block the kobold brigand's attack.
You miss the kobold brigand.
The kobold brigand is lightly wounded.
You feel sick.
The jackal pauses to sniff the water.
You block the kobold brigand's attack.
The kobold brigand splashes around in the water.
A jackal comes into view.
You feel very mighty all of a sudden.
You feel sick.
You are no longer poisoned.
The jackal barks!
The kobold brigand splashes around in the water.
You completely miss the kobold brigand.
The kobold brigand is lightly wounded.
The kobold brigand closely misses you.
The kobold brigand hits you but does no damage.
You barely miss the kobold brigand.
The kobold brigand is lightly wounded.
The kobold brigand splashes around in the water.
A river rat comes into view.
You punch the kobold brigand!
The kobold brigand is heavily wounded.
The kobold brigand hits you with a +0 club.
You die...

≈≈≈≈≈≈≈≈≈≈≈≈ ≈≈
≈≈≈≈≈≈≈≈≈≈≈ ≈≈
≈≈≈≈≈≈≈≈.~#######
≈≈≈≈≈≈~..P~~~~~~~
≈≈≈≈~~..P.#######
≈≈≈≈.~~~~...~.~~#
≈≈≈≈~~~~.~..#~###
P############P~~..~#~#
r~hlhSK@~~~~~..~.~.#~#
.############.PP~..#~#
≈≈≈~~~...~.#~.
≈≈≈≈≈.~P~..~.#~#
≈≈≈≈.~P..~..~#~#
≈≈≈.P~.~~...#~###
≈≈..~~.~...#~#.~
####P.~~......PP~.
≈≈≈.~P.~..~~~..~.~


You could see a kobold brigand, a river rat, 2 jackals, a ball python and a
frilled lizard.

Vanquished Creatures
  A kobold brigand (Sewer)
  4 adders
  3 river rats (Sewer)
  2 worms
  8 ball pythons
  5 endoplasms
  A giant cockroach (D:3)
  A goblin (D:2)
  5 hobgoblins
  A jackal (Sewer)
  4 quokkas
  6 bats
  2 frilled lizards
  4 kobolds
  9 rats
56 creatures vanquished.

Notes
Turn   | Place    | Note
-------+----------+-------------------------------------------
     0 | D:1      | marky1606 the Demonspawn Fighter began the quest for the
                  | Orb.
     0 | D:1      | Reached XP level 1. HP: 18/18 MP: 1/1
    73 | D:1      | Found Maturuje's Magic Scroll Shoppe.
   398 | D:1      | Gained mutation: You have a pair of small antennae on your
                  | head. [demonic ancestry]
   398 | D:1      | Reached XP level 2. HP: 19/24 MP: 2/2
  1073 | D:2      | Reached XP level 3. HP: 25/29 MP: 3/3
  2130 | D:3      | Found a glowing drain.
  2209 | Sewer    | Entered a sewer
  2232 | Sewer    | Gained mutation: Spells you cast may paralyse adjacent
                  | enemies. [demonic ancestry]
  2232 | Sewer    | Reached XP level 4. HP: 32/35 MP: 4/4
  2300 | Sewer    | Noticed a kobold brigand
  2357 | Sewer    | Killed a kobold brigand
  2358 | Sewer    | Reached XP level 5. HP: 5/41 MP: 5/5
  2364 | Sewer    | HP: 2/41 [kobold/+0 club (3)]
  2877 | Sewer    | Slain by a kobold brigand

Illustrated notes

Levels and vault maps discovered:
D:1:      lemuel_arrival_room, layout_basic, serial_shops, shop,
          glass_columns_a, minmay_misc_feat_four_crosses
D:2:      layout_basic, minmay_3d_cube
D:3:      layout_basic, mainiacjoe_overflow_divided_tiny, portal_sewer_entry_b,
          uniq_jessica
Sewer:    sewer_co_scattered_pipes

Skill      XL: |  1  2  3  4 |
---------------+-------------+-----
Unarmed Combat | 2 3 |  3.5
Armour         | 3 |  3.8
Shields        | 3 |  3.2
Fighting       | |  3.6

Action                     |  1- 3 |  4- 6 || total
---------------------------+-------+-------++-------
  Melee: Unarmed           |   210 |   153 ||   363
    Use: Potion            |       |     1 ||     1
 Armour: Scale mail        |    81 |    50 ||   131
  Dodge: Dodged            |    86 |    46 ||   132
  Block: Buckler           |    33 |    28 ||    61

Table legend: (Time is in decaauts)
 A = Elapsed time spent in this place.
 B = Non-inter-level travel time spent in this place.
 C = Inter-level travel time spent in this place.
 D = Time resting spent in this place.
 E = Time spent auto-exploring this place.
 F = Levels seen in this place.
 G = Mean time per level.
                   A        B        C        D        E       F      G
               +--------+--------+--------+--------+--------+-----+--------+
         Total |   2915 |   2836 |     79 |    234 |   1967 |   4 |  728.8 |
       Dungeon |   2209 |   2130 |     79 |     58 |   1665 |   3 |  736.3 |
         Sewer |    706 |    706 |      0 |    176 |    302 |   1 |  706.0 |
               +--------+--------+--------+--------+--------+-----+--------+

Top non-repeatable levels by time:
     D:2: 1112 daAuts
     D:1: 994 daAuts
   Sewer: 706 daAuts
     D:3: 102 daAuts
